 Dungeon Crawl Stone Soup version 0.22-a0-439-gac93bac (webtiles) character file.

55025 KarmaPolice the Cleaver (level 14, -4/116 HPs)
             Began as a Barachi Fighter on May 18, 2018.
             Was a High Priest of Qazlal.
             Slain by an Executioner (11 damage)
             ... on level 2 of the Abyss on May 29, 2018.
             The game lasted 01:44:00 (22325 turns).

KarmaPolice the Cleaver (Barachi Fighter)          Turns: 22325, Time: 01:44:01

Health: -4/116     AC: 26    Str: 22    XL:     14   Next: 75%
Magic:  15/15      EV:  9    Int: 10    God:    Qazlal [*****.]
Gold:   1219       SH:  0    Dex: 19    Spells: 13/13 levels left

rFire    . . .     SeeInvis .   h - +5 hand axe of a bailey {chop, rElec rPois Dex+3 Stlth-}
rCold    + . .     Gourm    .   x - +0 shield
rNeg     . . .     Faith    .   K - +0 storm dragon scales
rPois    +         Spirit   .   J - +1 hat of Nusuong {rC+}
rElec    +         Reflect  .   W - +0 cloak {rPois}
rCorr    .         Harm     .   a - +0 pair of gloves
MR       +....     Rnd*Rage +   L - +0 pair of boots of Hedonism {rElec Str+4}
Stlth    ..........             (no amulet)
HPRegen  0.29/turn              V - +2 ring of evasion
MPRegen  0.14/turn              b - +3 ring of dexterity

@: confused, about to teleport, protected from physical damage, wreathed by
umbra, studying Crossbows, repel missiles, slow
A: +LOS, swims, horns 1, large bone plates 1, slimy green scales 1, agile 1,
[berserk 2], [blurry vision 1], [low mp 3], sense surroundings 1, slowness 1,
[weak 2], [subdued magic 1], MP-powered wands, strong legs 2
a: Hop, Upheaval, Elemental Force, Disaster Area, Renounce Religion


You were on level 2 of the Abyss.
You worshipped Qazlal.
Qazlal was extremely pleased with you.
You were not hungry.

You visited 2 branches of the dungeon, and saw 17 of its levels.
You visited the Abyss 1 time.
You also visited: Labyrinth.

You collected 1219 gold pieces.

Inventory:

Hand Weapons
 d - a +0 blowgun
 h - the +5 hand axe of a bailey (weapon) {chop, rElec rPois Dex+3 Stlth-}
   (You found it on level 4 of the Dungeon)

   It inflicts extra damage upon your enemies.
   It affects your dexterity (+3).
   It insulates you from electricity.
   It protects you from poison.
   It makes you less stealthy.
 k - a +1 flail of holy wrath
 y - a +1 flail of venom
Missiles
 A - 20 javelins of penetration (quivered)
 B - 14 curare-tipped needles
Armour
 a - a +0 pair of gloves (worn)
 x - a +0 shield (worn)
 J - the +1 hat of Nusuong (worn) {rC+}
   (You found it on level 8 of the Dungeon)

   It protects you from cold.
 K - +0 storm dragon scales (worn)
 L - the +0 pair of boots of Hedonism (worn) {rElec Str+4}
   (You found it on level 3 of the Lair of Beasts)

   It affects your strength (+4).
   It insulates you from electricity.
 W - a +0 cloak of poison resistance (worn)
 X - the +3 pair of boots of Ettofun {*Slow rF+ Str+4 Dex+4}
   (You found it on level 3 of the Lair of Beasts)

   It affects your strength (+4).
   It affects your dexterity (+4).
   It protects you from fire.
   It may slow you when you take damage.
Jewellery
 b - a +3 ring of dexterity (right hand)
 z - an uncursed amulet of rage
 G - an uncursed ring of positive energy
 I - an uncursed ring of fire
 V - a +2 ring of evasion (left hand)
Wands
 n - a wand of iceblast (14)
 E - a wand of clouds (6)
 H - a wand of enslavement (28)
 O - a wand of flame (39)
 Z - a wand of scattershot (3)
Scrolls
 c - a scroll of noise {unknown}
 e - 2 scrolls of magic mapping
 g - 14 scrolls of teleportation
 i - 2 scrolls of holy word
 l - 9 scrolls of remove curse
 m - 3 scrolls of fear
 o - 2 scrolls of enchant weapon {unknown}
 v - 6 scrolls of immolation
 F - 3 scrolls of enchant armour {unknown}
 M - 2 scrolls of fog {unknown}
 N - 3 scrolls of amnesia {unknown}
 Q - a scroll of blinking {unknown}
 S - a scroll of random uselessness {unknown}
 U - a scroll of identify
 Y - a scroll of acquirement {unknown}
Potions
 p - 4 potions of lignification
 q - 4 potions of curing
 r - 5 potions of agility
 s - 2 potions of berserk rage {unknown}
 t - a potion of cancellation {unknown}
 w - 3 potions of heal wounds
 C - a potion of flight {unknown}
 D - 3 potions of brilliance {unknown}
 P - a potion of might
 T - 3 potions of ambrosia {unknown}
Books
 R - a manual of Crossbows
Miscellaneous
 j - 2 boxes of beasts
Comestibles
 f - 32 rations


   Skills:
 + Level 12.4 Fighting
 + Level 13.2 Axes
 - Level 5.2 Throwing
 - Level 12.2 Armour
 + Level 8.7 Shields
 + Level 11.0 Invocations
 - Level 10.0 Evocations


You had 13 spell levels left.
You didn't know any spells.
Your spell library contained the following spells:

 Spells                   Type           Power        Failure   Level  Hunger
 Lightning Bolt           Conj/Air       #.........   100%        5    ######.
 Confuse                  Hex            #.......     100%        3    ####...
 Tukima's Dance           Hex            #.......     100%        3    ####...
 Shock                    Conj/Air       #...         99%         1    ##.....
 Swiftness                Chrm/Air       #.......     100%        2    ###....
 Airstrike                Air            #.........   100%        4    #####..
 Ensorcelled Hibernation  Hex/Ice        #.....       100%        2    ###....
 Static Discharge         Conj/Air       #.......     100%        3    ####...
 Corona                   Hex            #......      99%         1    ##.....
 Dazzling Spray           Conj/Hex       #.....       100%        3    ####...


Dungeon Overview and Level Annotations

Branches:
Dungeon (11/15)            Temple (0/1) D:7            Lair (6/6) D:10
 Shoals (0/4) Lair:2       Spider (0/4) Lair:2        Slime (0/5) Lair:5
    Orc (0/2) D:9

Altars:
Dithmenos
Fedhas
Makhleb
Qazlal
Jiyva

Shops:
D:11 [

Annotations:
Lair:3 exclusion: 2 oklob plants
Lair:5 exclusion: oklob plant


Innate Abilities, Weirdness & Mutations

Shadows flee at your approach. (+LOS)
You can swim through water.
You cover ground slowly.
You can hop long distances.
You have a pair of small horns on your head.
You are partially covered in large bone plates. (SH +4)
You are partially covered in slimy green scales. (AC +2)
You are agile. (Dex +2)
You passively map a small area around you.
You expend magic power (3 MP) to strengthen your wands.
[You often lose your temper in combat.]
[Scrolls take you a little longer to read.]
[Your magical capacity is extremely low. (-30% MP)]
[You are very weak. (Str -4)]
[Your spells are a little easier to cast, but a little less powerful.]


Message History

The Executioner hits you but does no damage. x2
An orange demon comes into view.
The sixfirhy is engulfed in a cloud of scalding steam.
The Executioner hits you but does no damage. x3
You hear a hideous shriek!
The sixfirhy is engulfed in a cloud of scalding steam. x2
The Executioner completely misses you.
The Executioner hits you but does no damage.
The Executioner barely misses you.
The sixfirhy is engulfed in a cloud of scalding steam.
Unknown command.
The Executioner gestures at you. Pain shoots through your body!
* * * LOW HITPOINT WARNING * * *
The Executioner gestures at you. Pain shoots through your body!
* * * LOW HITPOINT WARNING * * *
A wight comes into view. It is wielding a hand axe.
The Executioner is struck by lightning.
The Executioner hits you!
You die...

... ##... ....# z ..
.. #hh# ... .#... .##
##.# ##.#####.#.## ..
....#####..#...#.....
.....
..4.##.#........#
.#.####..h.WhA§#....##
## # #......h5§§##...#
## ##..§.#31.§.....#
##..h3##@...#.##
#..W####x§.# ##.##
...# ### ##.# ... ...
.#. ## .


You could see a profane servitor, an Executioner, an orange demon, a smoke
demon, a hungry ghost, a raiju, 2 hell hounds, a small abomination, a wight and
an ufetubus.

Vanquished Creatures
  Gastronok (Lair:2)
  Nessos (Lair:4)
  A dire elephant (Lair:1)
  A minotaur (Lab)
  An ice dragon (Lair:3)
  7 hydras
  6 two-headed ogres
  Nergalle (Lair:3)
  A wretched star (Abyss:2)
  Sonja (Lair:1)
  Pikel (D:8)
  The ghost of azzavlup the Magician, a novice DrSk of Ashenzari (D:7)
  A manticore (D:11)
  28 elephants
  A centaur zombie (D:11)
  Joseph (D:8)
  An ice statue (Lair:3)
  8 spiny frogs
  3 black mambas
  A merfolk siren (Lair:2)
  3 rime drakes (Lair:4)
  5 komodo dragons
  A silent spectre (Abyss:2)
  A large abomination (Abyss:2)
  An ancient zyme (Abyss:2)
  2 jumping spiders (Lair:2)
  A polar bear (Lair:3)
  4 trolls
  A hornet (shapeshifter) (Abyss:2)
  12 blink frogs
  2 dream sheep (D:8)
  5 hippogriffs
  2 redbacks
  A spriggan (Lair:2)
  A small abomination (Abyss:2)
  A wyvern (D:8)
  4 basilisks
  A chaos spawn (Abyss:2)
  35 yaks
  A steam dragon (D:8)
  Edmund (D:6)
  7 porcupines
  10 water moccasins
  2 ice beasts
  2 orc warriors
  A slave (D:8)
  3 phantoms
  A necrophage (D:8)
  4 sky beasts
  7 ogres
  11 wolves
  7 centaurs
  14 crocodiles
  5 big kobolds
  19 bullfrogs
  A wyvern skeleton (D:9)
  A scorpion (D:9)
  6 killer bees
  17 wights
  A howler monkey (D:4)
  An electric eel (Lair:5)
  A bullfrog zombie (D:10)
  2 crimson imps (D:5)
  A quasit (D:4)
  7 orc priests
  2 jellies
  A centaur skeleton (D:7)
  4 hounds
  3 bullfrog skeletons
  Jessica (D:3)
  3 iguanas
  Terence (D:2)
  8 orc wizards
  10 worker ants
  6 hell rats (Lair:5)
  A howler monkey zombie (D:10)
  3 gnolls (D:5)
  17 adders
  3 shadow imps
  A white imp (Abyss:2)
  An ufetubus (Abyss:2)
  An ooze (D:7)
  2 adder zombies
  An adder skeleton (D:4)
  3 worms
  2 dart slugs
  A leopard gecko (D:3)
  27 orcs
  11 bats
  2 giant cockroaches
  6 goblins
  13 hobgoblins
  5 jackals
  3 quokkas
  3 ball pythons
  3 frilled lizards
  A jackal zombie (D:6)
  18 kobolds
  A leopard gecko skeleton (D:5)
  A leopard gecko zombie (D:9)
  7 rats
  A fungus (Lair:2)
460 creatures vanquished.

Vanquished Creatures (others)
  A vampire (Abyss:2)
  2 slaves (D:8)
  2 wights (D:8)
  67 fungi
  38 plants
110 creatures vanquished.

Grand Total: 570 creatures vanquished

Notes
Turn   | Place    | Note
-------+----------+-------------------------------------------
     0 | D:1      | KarmaPolice the Barachi Fighter began the quest for the Orb.
     0 | D:1      | Reached XP level 1. HP: 18/18 MP: 1/1
   139 | D:1      | Reached XP level 2. HP: 25/25 MP: 2/2
   644 | D:1      | Reached XP level 3. HP: 30/30 MP: 3/3
   793 | D:2      | Noticed Terence
   979 | D:2      | Reached skill level 3 in Axes
   979 | D:2      | Reached XP level 4. HP: 6/37 MP: 4/4
  1563 | D:2      | Found a shadowy altar of Dithmenos.
  1697 | D:2      | Killed Terence
  1807 | D:2      | Reached XP level 5. HP: 43/43 MP: 5/5
  2824 | D:3      | Noticed a big kobold
  3054 | D:3      | Noticed Jessica
  3059 | D:3      | Killed Jessica
  3267 | D:4      | Reached skill level 5 in Fighting
  3267 | D:4      | Reached skill level 5 in Armour
  3267 | D:4      | Reached XP level 6. HP: 8/51 MP: 6/6
  3318 | D:3      | HP: 2/51 [orc priest/divine providence (12)]
  3322 | D:3      | Gained mutation: You are agile. (Dex +2) [potion of mutation]
  3322 | D:3      | Gained mutation: You evolve. [potion of mutation]
  3322 | D:3      | Gained mutation: You are partially covered in slimy green scales. (AC +2) [potion of mutation]
  3322 | D:3      | Gained mutation: You passively map a small area around you. [potion of mutation]
  3645 | D:3      | Reached skill level 4 in Axes
  4155 | D:3      | Reached skill level 5 in Shields
  4391 | D:3      | Noticed a phantom
  4415 | D:3      | Killed a phantom
  4415 | D:3      | Reached XP level 7. HP: 52/57 MP: 7/7
  4977 | D:4      | Reached skill level 5 in Axes
  5338 | D:4      | Got a slimy hand axe
  5340 | D:4      | Identified the +5 hand axe of a bailey {chop, rElec rPois Dex+3 Stlth-} (You found it on level 4 of the Dungeon)
  5376 | D:5      | Entered Level 5 of the Dungeon
  5470 | D:5      | Reached skill level 1 in Evocations
  5498 | D:5      | Gained mutation: You have a pair of small horns on your head. [evolution]
  5549 | D:4      | Reached XP level 8. HP: 29/65 MP: 9/9
  6036 | D:6      | Found a stormy altar of Qazlal.
  6047 | D:6      | Reached skill level 6 in Axes
  6051 | D:6      | Became a worshipper of Qazlal Stormbringer
  6105 | D:6      | Reached skill level 1 in Invocations
  6200 | D:6      | Noticed Edmund
  6218 | D:6      | Killed Edmund
  6591 | D:6      | Gained mutation: You are partially covered in large bone plates. (SH +4) [evolution]
  6985 | D:7      | Found a burning altar of Makhleb.
  6998 | D:7      | Reached skill level 7 in Axes
  6998 | D:7      | Reached XP level 9. HP: 34/74 MP: 12/12
  7196 | D:7      | Reached * piety under Qazlal
  7420 | D:7      | Found a staircase to the Ecumenical Temple.
  7454 | D:7      | Reached skill level 5 in Evocations
  7564 | D:7      | Upgraded the game from 0.22-a0-422-g9628fc8 to 0.22-a0-423-g4197694
  7675 | D:7      | Found Qifopoak's Jewellery Boutique.
  7700 | D:7      | Noticed azzavlup's ghost (novice DrSk)
  7770 | D:7      | Killed azzavlup's ghost
  7999 | D:8      | Noticed Joseph
  8009 | D:8      | Upgraded the game from 0.22-a0-423-g4197694 to 0.22-a0-425-g89d60a1
  8017 | D:8      | Killed Joseph
  8017 | D:8      | Reached skill level 8 in Axes
  8115 | D:8      | Reached XP level 10. HP: 79/83 MP: 14/14
  8197 | D:8      | Reached ** piety under Qazlal
  8275 | D:8      | Noticed Pikel
  8299 | D:8      | Killed Pikel
  8384 | D:8      | Got a smoking hat
  8394 | D:8      | Identified the +1 hat of Nusuong {rC+} (You found it on level 8 of the Dungeon)
  8408 | D:8      | Reached skill level 5 in Invocations
  8860 | D:9      | Reached skill level 9 in Axes
  9068 | D:8      | Reached *** piety under Qazlal
  9727 | D:9      | Noticed a two-headed hydra
  9746 | D:8      | Killed a two-headed hydra
  9746 | D:8      | Reached XP level 11. HP: 34/89 MP: 15/17
 10048 | D:9      | Noticed a two-headed ogre
 10073 | D:8      | Killed a two-headed ogre
 10073 | D:8      | Reached skill level 10 in Axes
 10272 | D:9      | Noticed a two-headed ogre
 10286 | D:9      | Killed a two-headed ogre
 10372 | D:9      | Noticed a two-headed ogre
 10395 | D:9      | Killed a two-headed ogre
 10889 | D:9      | Found a staircase to the Orcish Mines.
 10922 | D:9      | Noticed a two-headed ogre
 11076 | D:9      | Killed a two-headed ogre
 11374 | D:10     | Entered Level 10 of the Dungeon
 11580 | D:10     | Reached **** piety under Qazlal
 11643 | D:10     | Found a staircase to the Lair.
 11665 | Lair:1   | Entered Level 1 of the Lair of Beasts
 12186 | D:10     | Got a slimy quarterstaff
 12696 | D:11     | Noticed a manticore
 12703 | D:11     | Killed a manticore
 12703 | D:11     | Reached XP level 12. HP: 87/96 MP: 19/19
 12756 | D:11     | Noticed a two-headed ogre
 12794 | D:11     | Killed a two-headed ogre
 12794 | D:11     | Reached skill level 11 in Axes
 13117 | D:11     | Noticed a two-headed ogre
 13143 | D:11     | Killed a two-headed ogre
 13234 | D:11     | Found Qountaicac's Armour Emporium.
 13265 | D:11     | Upgraded the game from 0.22-a0-433-gd2a9cce to 0.22-a0-439-gac93bac
 13283 | D:11     | Reached skill level 10 in Evocations
 13564 | Lair:1   | Noticed Sonja
 13592 | Lair:1   | Killed Sonja
 14346 | Lair:2   | Reached skill level 1 in Throwing
 14418 | Lair:2   | Found a staircase to the Shoals.
 14441 | Lair:1   | Reached skill level 10 in Armour
 14760 | Lair:2   | Noticed Gastronok
 14784 | Lair:2   | Killed Gastronok
 14874 | Lair:2   | Reached skill level 12 in Axes
 14894 | Lair:2   | Gained mutation: You expend magic power (3 MP) to strengthen your wands. [evolution]
 14894 | Lair:2   | Lost mutation: You evolve. [end of evolution]
 14974 | Lair:2   | Reached ***** piety under Qazlal
 14974 | Lair:2   | Gained mutation: You can hop long distances. [Barachi growth]
 14974 | Lair:2   | Reached XP level 13. HP: 75/101 MP: 20/20
 15018 | Lair:2   | Reached skill level 5 in Throwing
 15428 | Lair:2   | Found a hole to the Spider Nest.
 15561 | Lair:2   | Noticed a dire elephant
 15633 | Lair:1   | Killed a dire elephant
 15633 | Lair:1   | Reached skill level 10 in Fighting
 16735 | Lair:3   | Got a pair of slimy boots
 16741 | Lair:3   | Identified the cursed +0 pair of boots of Hedonism {rElec Str+4} (You found it on level 3 of the Lair of Beasts)
 17345 | Lair:3   | Got a pair of dazzling boots
 17361 | Lair:3   | Identified the cursed +0 quarterstaff of Zin's Supremacy {flame, *Noise +Inv +Fly} (You found it on level 10 of the Dungeon)
 17374 | Lair:3   | Identified the +3 pair of boots of Ettofun {*Slow rF+ Str+4 Dex+4} (You found it on level 3 of the Lair of Beasts)
 17471 | Lair:3   | Noticed Nergalle
 17496 | Lair:3   | Killed Nergalle
 17952 | Lair:3   | Found a blossoming altar of Fedhas.
 18451 | Lair:3   | Reached skill level 10 in Invocations
 18625 | Lair:4   | Found a frozen archway.
 18625 | Lair:4   | Noticed an ice dragon
 18683 | Lair:3   | Killed an ice dragon
 18893 | Lair:4   | Reached XP level 14. HP: 49/113 MP: 21/21
 18921 | Lair:4   | Noticed Nessos
 19188 | Lair:4   | Killed Nessos
 20372 | Lair:5   | Found a viscous altar of Jiyva.
 20384 | Lair:5   | Found a staircase to the Slime Pits.
 20765 | Lair:6   | Entered Level 6 of the Lair of Beasts
 20775 | Lair:5   | Reached skill level 13 in Axes
 21076 | Lair:6   | Found a labyrinth entrance.
 21086 | Lab      | Entered a labyrinth
 22103 | Lair:6   | Cast into level 2 of the Abyss (spriggan rider)
 22154 | Abyss:2  | Noticed a lich
 22163 | Abyss:2  | Noticed an Executioner
 22309 | Abyss:2  | Noticed an Executioner
 22323 | Abyss:2  | Noticed a profane servitor
 22325 | Abyss:2  | Slain by an Executioner

Vault maps used:
D:1:      scummos_arrival_simple_crosswalls, hex_large
D:2:      nicolae_dithmenos_shadow_blocks, uniq_terence
D:3:      cheibrodos_thug_alley, first_ration, uniq_jessica
D:5:      hex_tiny
D:6:      lemuel_round_altar, uniq_edmund
D:7:      minmay_temple_entry_overgrown, basic_altar, serial_shops, shop
D:8:      uniq_joseph, uniq_pikel
D:9:      hangedman_ranch
D:10:     david_lair_shrubbed, nicolae_sextant
D:11:     minmay_stone_box, serial_shops, shop
Lair:1:   uniq_sonja
Lair:2:   mu_elephants_graveyard, minmay_shoals_entry_lonely_mermaid,
          spider_nest_entry_funnel_web, serial_bayou_shore_b, uniq_gastronok
Lair:3:   statuecave_lemuel, minmay_lair_oklob_items, minivault_26, tgw_fedhas,
          lemuel_fruit_tree, uniq_nergalle
Lair:4:   portal_ice_cave_entry_animals_and_master, uniq_nessos
Lair:5:   dpeg_slime_entry_enclosed_altar, nicolae_quartered_pool_medium,
          serial_bayou_shore_a
Lair:6:   minmay_lair_end_enchanted_forest, nicolae_volcano_entry_lava_flow,
          lab_entry_generic
Lab:      labyrinth_hidden_loot, lab_fountain, nicolae_lab_plus,
          nicolae_lab_lava, lab_block, nicolae_lab_starburst,
          nicolae_lab_garden, labyrinth_skeletal_remains

Skill      XL: |  1  2  3  4  5  6  7  8  9 10 11 12 13 14 |
---------------+-------------------------------------------+-----
Armour         | 4 5 7 9 10 11 12 | 12.2
Fighting       | 4 5 6 7 9 11 12 | 12.4
Axes           | 3 4 5 7 8 9 10 12 13 | 13.2
Shields        | 4 5 6 8 |  8.7
Evocations     | 2 4 6 8 9 10 | 10.0
Invocations    | 2 4 6 7 8 10 11 | 11.0
Throwing       | 4 5 |  5.2

Action                   |  1- 3 |  4- 6 |  7- 9 | 10-12 | 13-15 || total
-------------------------+-------+-------+-------+-------+-------++-------
Melee: War axe           |   102 |   280 |    33 |       |       ||   415
       Hand axe          |       |       |   232 |   401 |   175 ||   808
       Headbutt          |       |       |    56 |   190 |   260 ||   506
       Flail             |       |       |    13 |   198 |   483 ||   694
 Fire: Blowgun           |       |       |       |     3 |    10 ||    13
 Abil: Hop               |       |       |       |     1 |       ||     1
Evoke: Wand              |       |       |       |     4 |     5 ||     9
  Use: Potion            |       |     6 |     1 |     2 |       ||     9
       Scroll            |       |     2 |     3 |     2 |    12 ||    19
 Stab: Invisible         |       |     4 |       |       |       ||     4
  Eat: Chunk             |       |    13 |    10 |    21 |    17 ||    61
       Ration            |       |       |     1 |     1 |     3 ||     5
Armor: Scale mail        |    56 |   136 |    90 |   166 |    85 ||   533
       Storm dragon scal |       |       |       |       |   240 ||   240
Dodge: Dodged            |    54 |   117 |    52 |   108 |   147 ||   478
       Deflected         |       |       |       |     2 |     6 ||     8
Block: Shield            |    70 |   196 |   168 |   596 |   812 ||  1842
       Other             |       |       |       |       |    20 ||    20

Table legend:
 A = Spawn XP
 B = Non-spawn XP
 C = Spawn XP percentage of total XP
 D = Spawn monster count
 E = Non-spawn monster count
 F = Spawn count percentage of total count
 G = Total turns spent on level
                    A         B        C        D         E        F      G
               +---------+---------+-------+---------+---------+-------+---------
         Total |    2438 |   76170 |   3.1 |       9 |     450 |   2.0 | 22325
               +---------+---------+-------+---------+---------+-------+---------
           D:1 |       0 |      47 |   0.0 |       0 |      21 |   0.0 |  1228
           D:2 |       0 |     148 |   0.0 |       0 |      31 |   0.0 |  1835
           D:3 |       0 |     420 |   0.0 |       0 |      31 |   0.0 |  1560
           D:4 |       0 |     444 |   0.0 |       0 |      13 |   0.0 |  1009
           D:5 |       0 |     304 |   0.0 |       0 |       9 |   0.0 |   401
           D:6 |       0 |     971 |   0.0 |       0 |      17 |   0.0 |   930
           D:7 |       0 |    1566 |   0.0 |       0 |      33 |   0.0 |   995
           D:8 |       0 |    6666 |   0.0 |       0 |      46 |   0.0 |  2372
           D:9 |       0 |    4884 |   0.0 |       0 |      32 |   0.0 |  1150
          D:10 |       0 |    1708 |   0.0 |       0 |      24 |   0.0 |   873
          D:11 |       0 |    4022 |   0.0 |       0 |      17 |   0.0 |  1103
        Lair:1 |       0 |    5188 |   0.0 |       0 |      15 |   0.0 |  1370
        Lair:2 |       0 |   15289 |   0.0 |       0 |      44 |   0.0 |  1848
        Lair:3 |       0 |    8044 |   0.0 |       0 |      32 |   0.0 |  2249
        Lair:4 |       0 |   12088 |   0.0 |       0 |      39 |   0.0 |   985
        Lair:5 |       0 |    9502 |   0.0 |       0 |      34 |   0.0 |  1129
        Lair:6 |       0 |    3313 |   0.0 |       0 |       9 |   0.0 |    96
       Abyss:2 |    2438 |     135 |  94.8 |       9 |       1 |  90.0 |   222
           Lab |       0 |    1431 |   0.0 |       0 |       2 |   0.0 |   970
               +---------+---------+-------+---------+---------+-------+---------
